[Event "fics rated crazyhouse match"]
[Site "fics, Oklahoma City, OK USA"]
[Date "2000.01.30"]
[White "jtp"]
[WhiteElo "2289"]
[Black "LSS"]
[BlackElo "2360"]
[TimeControl "180+0"]
[Result "0-1"]

1. e4 e6 2. Nc3 d5 3. exd5 exd5 4. Nf3 Nf6 5. d4 Bb4 6. a3 
Bxc3+ 7. bxc3 Qe7+ 8. P@e5 Ne4 9. B@b4 P@d6 10. Bd3 Nxf2 11. Kxf2 P@e4 
12. N@b5 exd3 13. cxd3 O-O 14. Re1 N@g4+ 15. Kf1 Nc6 16. exd6 Qxe1+ 17. Qxe1 
R@h1+ 18. Q@g1 Rxg1+ 19. Kxg1 B@f2+ 20. Qxf2 Nxf2 21. Kxf2 Bg4 22. B@f6 Q@g6 
23. N@h6+ Kh8 24. R@g5 Bxf3 25. Rxg6 Q@e2+ 26. Kg3 Qxg2+ 27. Kf4 N@h5+ 28. Kf5 
fxg6+ 29. Ke6 Rxf6+ 30. Kd7 B@e8+ 31. Kxc7 R@c8+ 32. Kxb7 Rab8+ 33. Ka6 Rb6# 
{jtp checkmated} 0-1

[Event "fics rated crazyhouse match"]
[Site "fics, Oklahoma City, OK USA"]
[Date "2000.01.30"]
[White "venomous"]
[WhiteElo "2492"]
[Black "Thufir"]
[BlackElo "2278"]
[TimeControl "60+0"]
[Result "1-0"]

1. e4 e6 2. d4 Nf6 3. Bd3 d5 4. e5 Ne4 5. Nh3 Nc6 6. Be3 
Be7 7. O-O O-O 8. f3 f5 9. exf6 Nxf6 10. P@e5 Nd7 11. Nc3 Qe8 
12. Qe2 P@f5 13. Nf4 Nb6 14. a4 a5 15. Nb5 Nb4 16. Nxc7 Nxd3 17. cxd3 
Qd8 18. Nxa8 B@g5 19. Nxb6 Qxb6 20. P@d6 Bxf4 21. dxe7 Re8 22. Bxf4 N@f7 
23. R@f8+ Rxf8 24. exf8=Q+ Kxf8 25. B@c5+ Qxc5 26. dxc5 B@e7 27. B@d6 Nxd6 28. exd6 
B@d8 29. dxe7+ Bxe7 30. B@d6 N@g6 31. Q@d8+ R@e8 32. Bxe7+ Nxe7 33. R@h8+ B@g8 
34. Qd6 P@e4 35. fxe4 dxe4 36. dxe4 P@f6 37. exf5 exf5 38. P@d7 Bxd7 39. Qxd7 
P@e4 40. B@d6 Kf7 41. N@c7 Kg6 42. Qxe8+ Bf7 43. B@h5# 
{Thufir checkmated} 1-0

[Event "fics rated crazyhouse match"]
[Site "fics, Oklahoma City, OK USA"]
[Date "2000.01.30"]
[White "Thufir"]
[WhiteElo "2274"]
[Black "venomous"]
[BlackElo "2496"]
[TimeControl "60+0"]
[Result "0-1"]

1. e4 e6 2. d4 Nc6 3. Nf3 Nf6 4. Bg5 Be7 5. e5 Nd5 6. Bxe7 
Qxe7 7. Bd3 d6 8. exd6 cxd6 9. O-O B@h5 10. c4 Bxf3 11. Qxf3 Nxd4 
12. Qg4 Nf4 13. Qxg7 Rf8 14. B@g5 N@f3+ 15. gxf3 Nxf3+ 16. Kh1 P@g2# 
{Thufir checkmated} 0-1

[Event "fics rated crazyhouse match"]
[Site "fics, Oklahoma City, OK USA"]
[Date "2000.01.30"]
[White "venomous"]
[WhiteElo "2499"]
[Black "Thufir"]
[BlackElo "2270"]
[TimeControl "60+0"]
[Result "1-0"]

1. e4 Nf6 2. Nc3 e6 3. Nf3 Nc6 4. d4 Bb4 5. Bd3 d5 6. e5 
Ne4 7. Bd2 Nxd2 8. Qxd2 B@e4 9. Bxe4 dxe4 10. Ng5 Qxd4 11. Rd1 P@d3 
12. N@h5 Qxe5 13. B@f4 Bxc3 14. bxc3 Qc5 15. Nxg7+ Kd8 16. B@f6+ P@e7 17. cxd3 
B@g6 18. dxe4+ N@d6 19. Bxd6 cxd6 20. Qxd6+ Qxd6 21. Rxd6+ B@d7 22. P@c7+ Kxc7 
23. N@b5+ Kb6 24. P@a5+ Ka6 25. Nc7+ Kxa5 26. Q@b5# 
{Thufir checkmated} 1-0

[Event "fics rated crazyhouse match"]
[Site "fics, Oklahoma City, OK USA"]
[Date "2000.01.30"]
[White "Igy"]
[WhiteElo "2227"]
[Black "Gobi"]
[BlackElo "2286"]
[TimeControl "180+0"]
[Result "0-1"]

1. e4 e5 2. Nf3 Nc6 3. Bc4 Bc5 4. O-O d6 5. c3 Nf6 6. d4 
Bb6 7. Bxf7+ Kxf7 8. Qb3+ Kf8 9. dxe5 dxe5 10. P@d5 P@g4 11. Ng5 Na5 
12. Qc2 h6 13. Ne6+ Bxe6 14. dxe6 B@g6 15. B@b4+ N@d6 16. P@f5 Be8 17. Nd2 
Nc6 18. Bxd6+ cxd6 19. Nc4 Bc7 20. N@d5 B@a6 21. b3 Ne7 22. Nxf6 gxf6 
23. Rd1 Bxc4 24. bxc4 N@g5 25. B@h4 Rg8 26. Kh1 N@f4 27. Bxf4 exf4 28. Bxg5 
Rxg5 29. N@h7+ Kg7 30. Nxg5 hxg5 31. N@d5 f3 32. gxf3 gxf3 33. Rg1 P@g2+ 
34. Rxg2 fxg2+ 35. Kxg2 N@h4+ 36. Kf1 B@h3+ 37. Ke2 Bg4+ 38. Kd2 R@e2+ 39. Kc1 
Rxc2+ 40. Kxc2 Q@e2+ 41. Kb3 B@a3 
{Igy forfeits on time} 0-1

[Event "fics rated crazyhouse match"]
[Site "fics, Oklahoma City, OK USA"]
[Date "2000.01.30"]
[White "Thufir"]
[WhiteElo "2267"]
[Black "venomous"]
[BlackElo "2502"]
[TimeControl "60+0"]
[Result "0-1"]

1. e4 e6 2. d4 Nc6 3. Nf3 Nf6 4. e5 Nd5 5. Be2 d6 6. exd6 
cxd6 7. O-O Be7 8. c4 Nf6 9. Be3 O-O 10. Nc3 e5 11. d5 Nb4 
12. a3 Na6 13. P@b5 Nc7 14. Bg5 P@f4 15. Bxf6 Bxf6 16. Ne4 Bf5 17. Nxf6+ 
Qxf6 18. B@g5 B@e7 19. Bxf6 Bxf6 20. N@h5 B@e7 21. Bd3 e4 22. Nxf6+ Bxf6 
23. Bxe4 Bxe4 24. P@g5 Bxb2 25. B@d4 Bxd4 26. Nxd4 B@e5 27. B@f3 Bg6 28. Ne2 
P@b2 29. Rc1 bxc1=Q 30. Nxc1 N@h4 31. P@h6 Nxf3+ 32. Qxf3 B@e4 33. N@e7+ Kh8 
34. hxg7+ Bxg7 35. P@f6 Rg8 36. Nxg8 Rxg8 37. fxg7+ Rxg7 38. B@f6 B@f8 39. Bxg7+ 
Bxg7 40. Q@d8+ N@e8 41. Qh3 B@f5 42. R@f8+ Bxf8 43. R@h6 Bxh3 44. Rxh3 Bxg2 
45. Kxg2 f3+ 46. Kxf3 N@e5+ 47. Ke3 Q@e4+ 48. Kd2 R@c2+ 49. Kd1 R@d2# 
{Thufir checkmated} 0-1

[Event "fics rated crazyhouse match"]
[Site "fics, Oklahoma City, OK USA"]
[Date "2000.01.30"]
[White "venomous"]
[WhiteElo "2505"]
[Black "Thufir"]
[BlackElo "2264"]
[TimeControl "60+0"]
[Result "1-0"]

1. e4 e6 2. d4 Nc6 3. Be3 Nf6 4. Bd3 Be7 5. Nf3 d6 6. Nc3 
Ng4 7. O-O O-O 8. Qe2 e5 9. dxe5 Ncxe5 10. Nxe5 Nxe5 11. P@h6 gxh6 
12. Bxh6 N@h4 13. Bxf8 Qxf8 14. R@g3+ P@g6 15. N@f5 Bxf5 16. exf5 N@f4 17. Qe4 
B@g5 18. fxg6 fxg6 19. B@b3+ P@f7 20. P@f5 P@c4 21. Bdxc4 Nxc4 22. Bxc4 Nxf5 
23. P@e6 fxe6 24. Bxe6+ Nxe6 25. Qxe6+ B@f7 26. Qe4 Nxg3 27. fxg3 B@f5 28. Rxf5 
gxf5 29. Qxf5 P@g6 30. Qd3 P@c4 31. Qe2 R@e6 32. B@e4 R@e5 33. N@d4 Rxe4 
34. Nxe4 Rxe4 35. Qxe4 B@e3+ 36. Kh1 Bxd4 37. Qxd4 N@f5 38. R@h8# 
{Thufir checkmated} 1-0

[Event "fics rated crazyhouse match"]
[Site "fics, Oklahoma City, OK USA"]
[Date "2000.01.30"]
[White "Gobi"]
[WhiteElo "2293"]
[Black "Igy"]
[BlackElo "2220"]
[TimeControl "180+0"]
[Result "1-0"]

1. e4 e6 2. Nf3 d5 3. e5 Ne7 4. Nc3 Nf5 5. Be2 Nc6 6. O-O 
Bc5 7. Na4 Bd4 8. Bb5 Bd7 9. c3 Bxe5 10. Bxc6 Bxh2+ 11. Nxh2 Bxc6 
12. d3 P@e4 13. B@g4 exd3 14. Bxf5 exf5 15. Re1+ P@e4 16. N@e5 B@c2 17. Nxc6 
bxc6 18. Qh5 B@g6 19. Qh3 Bxa4 20. Bf4 N@c2 21. B@e5 Nxe1 22. Rxe1 P@g4 
23. Qg3 N@e2+ 24. Rxe2 dxe2 25. Bd2 R@d1+ 26. N@e1 Rxd2 27. Bxg7 Rd1 28. Qe5+ 
R@e6 29. P@d7+ Ke7 30. Bf6+ Kxd7 31. N@c5+ Kc8 32. Nxg4 Rxe1+ 33. Kh2 Rxe5 
34. P@b7+ Kb8 35. N@a6# 
{Igy checkmated} 1-0

[Event "fics rated crazyhouse match"]
[Site "fics, Oklahoma City, OK USA"]
[Date "2000.01.30"]
[White "Igy"]
[WhiteElo "2214"]
[Black "Gobi"]
[BlackElo "2299"]
[TimeControl "180+0"]
[Result "0-1"]

1. e4 e5 2. Nf3 Nc6 3. Bc4 Bc5 4. Nc3 Nf6 5. d3 h6 6. O-O 
O-O 7. Nh4 Nd4 8. Be3 d6 9. Bxh6 gxh6 10. P@g6 B@e6 11. gxf7+ Rxf7 
12. Bxe6 Bxe6 13. P@f5 Bd7 14. B@c4 P@e6 15. fxe6 Bxe6 16. Bxe6 Nxe6 17. B@c4 
B@g4 18. Qxg4+ Nxg4 19. Bxe6 Qxh4 20. B@g3 Qxg3 21. Bxg4 Rxf2 22. Rxf2 Qxf2+ 
23. Kh1 Q@g1# 
{Igy resigns} 0-1

[Event "fics rated crazyhouse match"]
[Site "fics, Oklahoma City, OK USA"]
[Date "2000.01.30"]
[White "Gobi"]
[WhiteElo "2305"]
[Black "Igy"]
[BlackElo "2208"]
[TimeControl "180+0"]
[Result "1-0"]

1. e4 e6 2. Nc3 d5 3. d4 Bb4 4. e5 Nc6 5. Be3 Nge7 6. Bd3 
Nf5 7. Nf3 Bd7 8. O-O Bxc3 9. bxc3 Nxe3 10. fxe3 B@b2 11. Rb1 Bxc3 
12. N@h5 P@e4 13. Nxg7+ Kf8 14. B@h6 Kg8 15. Nh5 N@e8 16. P@g7 exf3 17. Qxf3 
Nxg7 18. Qxf7# 
{Igy checkmated} 1-0

[Event "fics rated crazyhouse match"]
[Site "fics, Oklahoma City, OK USA"]
[Date "2000.01.30"]
[White "Igy"]
[WhiteElo "2202"]
[Black "Gobi"]
[BlackElo "2311"]
[TimeControl "180+0"]
[Result "0-1"]

1. e4 Nc6 2. d4 e5 3. dxe5 Nxe5 4. P@d4 Ng6 5. Nf3 Nf6 6. Bd3 
d5 7. exd5 Nxd5 8. Bxg6 hxg6 9. P@e4 Nf6 10. e5 Ng4 11. Qe2 B@c6 
12. N@f6+ Nxf6 13. exf6+ P@e4 14. fxg7 Bxg7 15. Nc3 P@d3 16. cxd3 Bxd4 17. Nxd4 
Qxd4 18. Nxe4 Bxe4 19. B@c3 P@f3 20. N@f6+ Kd8 21. P@e7+ Kxe7 22. Qxe4+ Qxe4+ 
23. Nxe4 Q@e2# 
{Igy checkmated} 0-1

[Event "fics rated crazyhouse match"]
[Site "fics, Oklahoma City, OK USA"]
[Date "2000.01.30"]
[White "Gobi"]
[WhiteElo "2317"]
[Black "Igy"]
[BlackElo "2196"]
[TimeControl "180+0"]
[Result "1-0"]

1. e4 e6 2. Nc3 d5 3. Nf3 Nf6 4. e5 Nfd7 5. d4 c5 6. Be3 
Nc6 7. Bb5 cxd4 8. Bxd4 Nxd4 9. Nxd4 P@c6 10. Nxc6 bxc6 11. Bxc6 Rb8 
12. P@d6 Rxb2 13. N@c7+ Qxc7 14. dxc7 Be7 15. P@b7 Rxb7 16. Bxb7 Bxb7 17. R@d8+ 
Bxd8 18. cxd8=Q+ Kxd8 19. P@c7+ Kc8 20. B@d6 R@a8 21. Nb5 B@b6 22. Qf3 B@a5+ 
23. c3 N@c2+ 24. Ke2 P@e4 25. Qxf7 P@d3+ 26. Kd1 Bxf2 27. Q@e8+ N@d8 28. Qfxd7# 
{Igy checkmated} 1-0

[Event "fics rated crazyhouse match"]
[Site "fics, Oklahoma City, OK USA"]
[Date "2000.01.30"]
[White "Ebenfelt"]
[WhiteElo "2321"]
[Black "Thufir"]
[BlackElo "2233"]
[TimeControl "180+0"]
[Result "0-1"]

1. e4 e6 2. d4 Nc6 3. Nf3 Nf6 4. Nc3 Bb4 5. Bd3 d5 6. exd5 
exd5 7. Qe2+ P@e4 8. P@g5 Qe7 9. gxf6 gxf6 10. Bd2 Bg4 11. Nxd5 exf3 
12. Bxb4 fxe2 13. N@g7+ Kd7 14. B@f5+ P@e6 15. Bxg4 Qd8 16. P@e7 Nxe7 17. Nxe7 
N@f4 18. B@f3 P@d6 19. Bb5+ Kxe7 20. Bbxe2 Rg8 21. P@e5 N@e8 22. exf6+ Nxf6 
23. P@e5 Nxg4 24. Bxg4 P@d5 25. N@f5+ Kd7 26. N@f6+ Kc8 27. exd6 Nxg2+ 28. Kd1 
B@b6 29. d7+ Kb8 30. P@e7 a5 31. exd8=Q+ Rxd8 32. Be7 P@c3 33. Q@c8+ Ka7 
34. Bxd8 cxb2 
{Ebenfelt forfeits on time} 0-1

[Event "fics rated crazyhouse match"]
[Site "fics, Oklahoma City, OK USA"]
[Date "2000.01.30"]
[White "Thufir"]
[WhiteElo "2243"]
[Black "Ebenfelt"]
[BlackElo "2311"]
[TimeControl "180+0"]
[Result "1-0"]

1. e4 e5 2. Bc4 Bc5 3. Nc3 Nc6 4. Nf3 Nf6 5. O-O O-O 6. d3 
h6 7. Be3 d6 8. Bxc5 dxc5 9. B@d5 Bg4 10. h3 Bh5 11. Bxc6 bxc6 
12. N@g3 B@g6 13. Nxh5 Bxh5 14. B@e2 N@f4 15. Nxe5 Nxe2+ 16. Nxe2 B@d4 17. Nxd4 
Bxd1 18. N@g6 cxd4 19. P@e7 Qxe7 20. Nxe7+ Kh7 21. Bxf7 P@h2+ 22. Kh1 Q@g1+ 
23. Rxg1 hxg1=Q+ 24. Kxg1 N@e2+ 25. Kh1 R@e1+ 26. B@g1 Rxg1+ 27. Kh2 B@f4+ 28. P@g3 
Bxg3+ 29. fxg3 Rh1+ 30. Kxh1 Nxg3+ 31. Kh2 Nf1+ 32. Kg1 P@h2+ 33. Kxf1 h1=Q+ 
34. B@g1 P@e2+ 35. Kf2 B@h4+ 36. P@g3 Qxg1+ 37. Kxg1 
{Ebenfelt forfeits on time} 1-0

[Event "fics rated crazyhouse match"]
[Site "fics, Oklahoma City, OK USA"]
[Date "2000.01.30"]
[White "Gobi"]
[WhiteElo "2322"]
[Black "LINDEGREN"]
[BlackElo "2342"]
[TimeControl "120+0"]
[Result "1-0"]

1. e4 Nf6 2. Nc3 e6 3. e5 Nd5 4. Nf3 d6 5. exd6 Bxd6 6. d4 
Nc6 7. Ne4 Qe7 8. P@c5 Bf4 9. Bxf4 Nxf4 10. B@g5 P@e2 11. Bxe2 Nxg2+ 
12. Kd2 f6 13. P@d6 cxd6 14. Nxd6+ Kf8 15. Rg1 fxg5 16. Rxg2 B@f4+ 17. P@e3 
Bxd6 18. cxd6 B@b4+ 19. N@c3 Bxd6 20. Nxg5 P@b4 21. Nce4 P@c3+ 22. bxc3 bxc3+ 
23. Nxc3 P@b4 24. Nce4 P@c3+ 25. Ke1 N@h4 26. Rg4 Bxh2 27. Rxh4 P@g2 28. N@f3 
g1=Q+ 29. Nxg1 Bxg1 30. B@d6 Qxd6 31. Nxd6 B@g6 32. Rf4+ N@f6 33. P@h5 Bxf2+ 
34. Kxf2 P@g3+ 35. Kxg3 Ke7 36. hxg6 Nd8 37. Nc4 Bd7 38. P@d6+ Ke8 39. Q@e7# 
{LINDEGREN checkmated} 1-0

[Event "fics rated crazyhouse match"]
[Site "fics, Oklahoma City, OK USA"]
[Date "2000.01.30"]
[White "LINDEGREN"]
[WhiteElo "2334"]
[Black "Gobi"]
[BlackElo "2330"]
[TimeControl "120+0"]
[Result "0-1"]

1. e4 e5 2. Nc3 Nc6 3. Nf3 Bc5 4. Bc4 Nf6 5. O-O O-O 6. d3 
d6 7. Bg5 Be6 8. Nd5 Bxd5 9. exd5 Na5 10. B@h4 N@g4 11. Qe2 h6 
12. Bxf6 Nxf6 13. N@f5 B@g4 14. Bxf6 Qxf6 15. N@e7+ Kh8 16. h3 Bxf5 17. Nxf5 
Qxf5 18. B@e4 N@f4 19. Qd2 Qxe4 20. dxe4 Nxc4 21. Qc3 N@e2+ 22. Kh1 Nxc3 
23. bxc3 B@h5 24. Nh4 B@f6 25. Q@g3 B@g5 26. Nf5 Ne2 27. Qh2 Nd2 28. N@g3 
Nxg3+ 29. Nxg3 Bg6 30. N@f5 c6 31. dxc6 bxc6 32. P@h5 Bh7 33. Nxg7 Bxg7 
34. P@g6 fxg6 35. hxg6 Bxg6 36. P@f5 Bh7 37. Nh5 P@f3 38. gxf3 Nxf3 39. Qg3 
P@g2+ 40. Qxg2 P@h4 41. Nxg7 N@f4 42. Ne6 Nxe6 43. fxe6 N@f4 44. P@g7+ Kxg7 
45. N@f5+ Bxf5 46. exf5 Nxg2 47. f6+ Kxf6 48. B@e4 Q@h2# 
{LINDEGREN checkmated} 0-1

[Event "fics rated crazyhouse match"]
[Site "fics, Oklahoma City, OK USA"]
[Date "2000.01.30"]
[White "Gobi"]
[WhiteElo "2338"]
[Black "LINDEGREN"]
[BlackElo "2326"]
[TimeControl "120+0"]
[Result "1-0"]

1. e4 e6 2. d4 Nf6 3. e5 Ne4 4. Bd3 d5 5. Nd2 Nxf2 6. Kxf2 
Nc6 7. Ne2 Nxd4 8. Nxd4 Qh4+ 9. Kf1 Qxd4 10. Nf3 N@e3+ 11. Bxe3 Qxe3 
12. N@g4 Qb6 13. Qc1 B@e7 14. Ng5 Bxg5 15. Qxg5 P@e7 16. N@h5 N@d7 17. Nxg7+ 
Bxg7 18. Qxg7 Rf8 19. B@c1 P@e4 20. Be2 N@d4 21. Bd1 Qa6+ 22. P@e2 Nf3 
23. B@h6 Nh4 24. N@f6+ exf6 25. Nxf6+ Kd8 26. Nxd7 Bxd7 27. Qxf8+ N@e8 28. Bhg5+ 
f6 29. Bxf6+ Kc8 30. R@d8# 
{LINDEGREN checkmated} 1-0

[Event "fics rated crazyhouse match"]
[Site "fics, Oklahoma City, OK USA"]
[Date "2000.01.30"]
[White "LINDEGREN"]
[WhiteElo "2318"]
[Black "Gobi"]
[BlackElo "2346"]
[TimeControl "120+0"]
[Result "0-1"]

1. e4 d6 2. Nc3 Nf6 3. d4 a6 4. Nf3 Bg4 5. Bd3 e5 6. d5 
Nbd7 7. h3 Bxf3 8. Qxf3 N@h4 9. Qg3 Nh5 10. Qg4 Nxg2+ 11. Qxg2 Nf4 
12. Bxf4 exf4 13. N@f5 B@f6 14. B@e6 Ne5 15. Bxf7+ Kxf7 16. P@e6+ Ke8 17. N@h5 
P@g6 18. Nxf6+ Qxf6 19. B@f7+ Kd8 20. Nd4 Nxd3+ 21. cxd3 Qxd4 22. O-O N@h4 
23. e7+ Kxe7 24. Qg4 N@f3+ 25. Kh1 P@g2+ 26. Qxg2 Nxg2 27. N@g4 Ngh4 28. P@g2 
h5 29. e5 hxg4 30. exd6+ Kxd6 
{LINDEGREN resigns} 0-1

[Event "fics rated crazyhouse match"]
[Site "fics, Oklahoma City, OK USA"]
[Date "2000.01.30"]
[White "Gobi"]
[WhiteElo "2353"]
[Black "LINDEGREN"]
[BlackElo "2311"]
[TimeControl "120+0"]
[Result "1-0"]

1. e4 e6 2. Nc3 Nc6 3. Nf3 Nf6 4. Bb5 Bb4 5. Qe2 d5 6. e5 
Bxc3 7. dxc3 Ne4 8. B@h4 Qd7 9. O-O N@f5 10. Bhg5 h6 11. Bgf4 a6 
12. Bd3 Nxc3 13. bxc3 P@e4 14. Rd1 exd3 15. cxd3 B@h5 16. P@e4 Bxf3 17. Qxf3 
dxe4 18. dxe4 N@d4 19. Qd3 P@e2 20. Re1 O-O 21. exf5 exf5 22. Bxh6 Nxe5 
23. Qg3 Ng4 24. cxd4 gxh6 25. N@f6+ Kh8 26. Nxd7 B@g7 27. P@f6 Nxf6 28. Nxf6 
Bxf6 29. P@g7+ Bxg7 30. Qxg7+ Kxg7 31. N@h5+ Kg6 32. Q@g7+ Kxh5 33. N@f6+ Kh4 
34. B@g3# 
{LINDEGREN checkmated} 1-0

[Event "fics rated crazyhouse match"]
[Site "fics, Oklahoma City, OK USA"]
[Date "2000.01.30"]
[White "LINDEGREN"]
[WhiteElo "2304"]
[Black "Gobi"]
[BlackElo "2360"]
[TimeControl "120+0"]
[Result "0-1"]

1. e4 Nc6 2. Nf3 Nf6 3. d4 Nxe4 4. Bd3 d5 5. O-O Bg4 6. c3 
Nf6 7. Be2 e6 8. Ne5 Nxe5 9. dxe5 Bxe2 10. Qxe2 Nd7 11. B@g5 B@e7 
12. Bxe7 Bxe7 13. N@h5 Rg8 14. B@a4 N@c5 15. Bxd7+ Kxd7 16. Be3 B@d3 17. Qe1 
P@e2 18. N@g3 exf1=Q+ 19. Nxf1 B@e2 20. Nfg3 Bxh5 21. Nxh5 N@e2+ 22. Kh1 R@g1+ 
23. Qxg1 Nxg1 24. R@d1 Ne2 25. Na3 Bg6 26. Ng3 Nxg3+ 27. hxg3 N@g4 28. N@f3 
Ne4 29. B@g1 Nxe3 30. fxe3 Nxg3+ 31. Kh2 Q@h1+ 32. Kxg3 Bh4+ 33. Nxh4 Qdxh4+ 
34. Kf3 B@g4+ 35. Kf4 N@e2# 
{LINDEGREN checkmated} 0-1

[Event "fics rated crazyhouse match"]
[Site "fics, Oklahoma City, OK USA"]
[Date "2000.01.30"]
[White "Gobi"]
[WhiteElo "2367"]
[Black "LINDEGREN"]
[BlackElo "2297"]
[TimeControl "120+0"]
[Result "1-0"]

1. e4 e6 2. d4 b6 3. Nc3 Bb7 4. Bd3 Nf6 5. Nge2 Bb4 6. O-O 
d5 7. e5 Bxc3 8. exf6 gxf6 9. Nxc3 P@e4 10. Be2 Rg8 11. B@g3 N@f5 
12. Bcf4 Nxg3 13. Bxg3 Nc6 14. Nb5 B@d6 15. Bh5 Bxg3 16. hxg3 a6 17. N@h6 
axb5 18. Bxf7+ Ke7 19. Bxg8 Qxg8 20. Nxg8+ Rxg8 21. N@h6 Rg7 22. R@g8 
{LINDEGREN resigns} 1-0

[Event "fics rated crazyhouse match"]
[Site "fics, Oklahoma City, OK USA"]
[Date "2000.01.30"]
[White "LINDEGREN"]
[WhiteElo "2291"]
[Black "Gobi"]
[BlackElo "2373"]
[TimeControl "120+0"]
[Result "0-1"]

1. e4 Nf6 2. Nf3 Nc6 3. e5 Ng4 4. d4 d6 5. exd6 exd6 6. Bb5 
a6 7. Bxc6+ bxc6 8. Qe2+ Qe7 9. P@e4 B@g6 10. Nbd2 P@f5 11. e5 Be6 
12. exd6 cxd6 13. O-O P@e4 14. Ne5 dxe5 15. dxe5 Nxe5 16. f4 N@d4 17. Qf2 
Qc5 18. Kh1 Ng4 19. Qg3 P@e2 20. Re1 Nxc2 21. Rxe2 P@d3 22. N@c7+ Kd7 
23. Nxa8 dxe2 24. R@c7+ Kd8 25. Qh4+ f6 26. P@e3 R@d1# 
{LINDEGREN resigns} 0-1

[Event "fics rated crazyhouse match"]
[Site "fics, Oklahoma City, OK USA"]
[Date "2000.01.30"]
[White "Gobi"]
[WhiteElo "2379"]
[Black "LINDEGREN"]
[BlackElo "2285"]
[TimeControl "120+0"]
[Result "1-0"]

1. e4 e6 2. Nc3 Nc6 3. Nf3 d5 4. Bb5 Nf6 5. Qe2 dxe4 6. Nxe4 
Nxe4 7. Qxe4 P@d5 8. Qe3 N@f5 9. Bxc6+ bxc6 10. Qe2 B@h5 11. P@e3 Bxf3 
12. gxf3 N@g2+ 13. Kd1 e5 14. Rg1 Ngh4 15. d4 e4 16. B@h1 Nxf3 17. Bxf3 
exf3 18. Qxf3 P@e4 19. Qf4 B@f3+ 20. P@e2 Bxe2+ 21. Kxe2 P@d3+ 22. Ke1 dxc2 
23. N@e5 Bd7 24. B@h5 P@g6 25. Nxf7 Kxf7 26. N@e5+ Ke6 27. N@g5+ Ke7 28. Bxg6 
N@e6 29. Nxe6 Bxe6 30. Nxc6+ Kd7 31. N@e5+ Kc8 32. P@b7+ Kxb7 33. Nxd8+ Rxd8 
34. P@c6# 
{LINDEGREN resigns} 1-0

[Event "fics rated crazyhouse match"]
[Site "fics, Oklahoma City, OK USA"]
[Date "2000.01.30"]
[White "LINDEGREN"]
[WhiteElo "2279"]
[Black "Gobi"]
[BlackElo "2385"]
[TimeControl "120+0"]
[Result "1-0"]

1. e4 Nc6 2. Nf3 Nf6 3. d4 Nxe4 4. Bd3 d5 5. O-O Bg4 6. c3 
e6 7. Be2 Bd6 8. Ne1 Bxe2 9. Qxe2 B@g6 10. B@g3 O-O 11. Nd2 Nxg3 
12. fxg3 B@a6 13. Qf2 Bxf1 14. Nxf1 e5 15. B@e3 e4 16. Bf4 Bh5 17. Bxd6 
cxd6 18. N@f4 B@d1 19. Ne3 P@e6 20. Bd2 Bdg4 21. h3 Bxh3 22. gxh3 Bf3 
23. Nxf3 exf3 24. Qxf3 P@e4 25. Qf2 N@f3+ 26. Kh1 R@h2+ 27. Qxh2 Nxh2 28. Kxh2 
e5 29. Nh5 exd4 30. Ng4 Q@e2+ 31. B@g2 Qxg4 32. hxg4 N@f3+ 33. Bxf3 exf3 
34. N@h6+ Kh8 
{Gobi resigns} 1-0

[Event "fics rated crazyhouse match"]
[Site "fics, Oklahoma City, OK USA"]
[Date "2000.01.30"]
[White "LINDEGREN"]
[WhiteElo "2299"]
[Black "Gobi"]
[BlackElo "2365"]
[TimeControl "120+0"]
[Result "1-0"]

1. e4 Nf6 2. Nc3 Nc6 3. Nf3 e5 4. d4 exd4 5. Nxd4 Nxd4 6. Qxd4 
N@c6 7. Qd1 P@d4 8. P@g5 dxc3 9. gxf6 gxf6 10. bxc3 P@e6 11. P@h6 Rg8 
12. N@h5 Qe7 13. N@g7+ Kd8 14. Bb5 Ne5 15. O-O a6 16. Be2 d6 17. f4 
Nd7 18. Be3 b6 19. a4 Bb7 20. Bf3 N@h4 21. Qe2 Nxf3+ 22. gxf3 B@g6 
23. Kh1 Bgxe4 24. fxe4 Bxe4+ 25. B@f3 f5 26. Bxe4 fxe4 27. B@g5 P@f6 28. Nxf6 
Nxf6 29. N@c6+ Kd7 30. Nxe7 Bxe7 31. Bxf6 Bxf6 32. P@c6+ Ke7 33. Q@d7+ Kf8 
34. Nxe6+ fxe6 35. P@g7+ Bxg7 36. hxg7+ Rxg7 37. Qxg7+ Kxg7 38. Rg1+ P@g6 39. N@h5+ 
Kf7 40. R@g7+ Kf8 41. B@e7# 
{Gobi resigns} 1-0

[Event "fics rated crazyhouse match"]
[Site "fics, Oklahoma City, OK USA"]
[Date "2000.01.30"]
[White "LINDEGREN"]
[WhiteElo "2308"]
[Black "Gobi"]
[BlackElo "2356"]
[TimeControl "120+0"]
[Result "0-1"]

1. e4 Nc6 2. Nc3 Nf6 3. Nf3 e5 4. d4 exd4 5. Nxd4 P@b4 6. Nxc6 
bxc6 7. P@g5 bxc3 8. gxf6 Qxf6 9. bxc3 Qxc3+ 10. Bd2 Qe5 11. Bd3 N@h4 
12. Rg1 Qxh2 13. N@e2 Nxg2+ 14. Kf1 Nh4 15. Nf4 Qxg1+ 16. Kxg1 N@f3+ 17. Kf1 
R@g1+ 18. Ke2 Nd4+ 19. Ke3 Rxd1 20. Rxd1 P@e5 21. Q@g3 g5 22. N@f6+ Ke7 
23. R@e8+ Kd6 24. Bb4+ c5 25. Re6+ dxe6 26. Ne8+ Kc6 27. P@d5+ Kb7 28. Ba6+ 
Kxa6 
{LINDEGREN forfeits on time} 0-1

[Event "fics rated crazyhouse match"]
[Site "fics, Oklahoma City, OK USA"]
[Date "2000.01.30"]
[White "Gobi"]
[WhiteElo "2376"]
[Black "LINDEGREN"]
[BlackElo "2288"]
[TimeControl "120+0"]
[Result "1-0"]

1. e4 e6 2. Nc3 Nc6 3. Nf3 d5 4. Bb5 dxe4 5. Nxe4 Nf6 6. Neg5 
Bd6 7. P@e5 O-O 8. exf6 Qxf6 9. d4 e5 10. N@e4 Qg6 11. Bxc6 bxc6 
12. dxe5 B@b4+ 13. P@c3 Bxe5 14. Nxe5 Qf5 15. cxb4 Qxe5 16. B@d4 Qxd4 17. Qxd4 
N@f5 18. Qxg7# 
{LINDEGREN resigns} 1-0

[Event "fics rated crazyhouse match"]
[Site "fics, Oklahoma City, OK USA"]
[Date "2000.01.30"]
[White "LINDEGREN"]
[WhiteElo "2282"]
[Black "Gobi"]
[BlackElo "2382"]
[TimeControl "120+0"]
[Result "1-0"]

1. e4 Nc6 2. Nf3 e5 3. Bc4 Be7 4. Nc3 Nf6 5. O-O O-O 6. d3 
d6 7. Ng5 Bg4 8. f3 Bh5 9. Be3 Nd4 10. Kh1 c6 11. Rc1 Rc8 
12. Qe1 d5 13. exd5 cxd5 14. Bxd5 Nxd5 15. Nxh7 Nxe3 16. Nxf8 Bxf8 17. Qxe3 
B@f4 18. Qe4 Bxc1 19. P@h7# 
{Gobi resigns} 1-0

[Event "fics rated crazyhouse match"]
[Site "fics, Oklahoma City, OK USA"]
[Date "2000.01.30"]
[White "Gobi"]
[WhiteElo "2372"]
[Black "LINDEGREN"]
[BlackElo "2292"]
[TimeControl "120+0"]
[Result "0-1"]

1. e4 Nf6 2. e5 Nd5 3. Nc3 e6 4. d4 Nc6 5. Ne4 d6 6. Bb5 
Bd7 7. Bxc6 Bxc6 8. Nf3 B@g6 9. Nc3 Nxc3 10. bxc3 dxe5 11. Nxe5 N@h4 
12. N@f4 Nxg2+ 13. Nxg2 Bxg2 14. Rg1 Bc6 15. N@f4 P@e4 16. P@e2 P@f3 17. Nfxg6 
hxg6 18. Nxc6 fxe2 19. Qxe2 N@f3+ 20. Kd1 Nxg1 21. Nxd8 Rxd8 22. P@d7+ Rxd7 
23. B@c8 N@b6 24. Bxd7+ Nxd7 25. B@c8 B@c6 26. R@a8 R@d8 27. Bxd7+ Bxd7 28. Rxd8+ 
Kxd8 29. N@a5 B@c8 30. Qxe4 P@e2+ 31. Qxe2 Nxe2 32. Q@e3 Q@f1+ 33. R@e1 Nxc3+ 
34. Qxc3 P@e2+ 35. Kd2 N@e4+ 36. Ke3 Qxf2+ 37. Kxe4 P@d5+ 38. Kd3 P@e4# 
{Gobi forfeits on time} 0-1

[Event "fics rated crazyhouse match"]
[Site "fics, Oklahoma City, OK USA"]
[Date "2000.01.30"]
[White "Gobi"]
[WhiteElo "2369"]
[Black "LINDEGREN"]
[BlackElo "2295"]
[TimeControl "120+0"]
[Result "1-0"]

1. e4 e6 2. d4 b6 3. Nc3 Bb7 4. Bd3 Nf6 5. Nge2 Bb4 6. O-O 
d5 7. e5 Ne4 8. f3 Bxc3 9. bxc3 Ng5 10. B@e3 h6 11. Nf4 Nc6 
12. Nh5 Kf8 13. Ba3+ Ne7 14. Nxg7 Kxg7 15. Bxe7 Qd7 16. N@h5+ Kg8 17. B3xg5 
{LINDEGREN resigns} 1-0

[Event "fics rated crazyhouse match"]
[Site "fics, Oklahoma City, OK USA"]
[Date "2000.01.30"]
[White "Gobi"]
[WhiteElo "2365"]
[Black "LINDEGREN"]
[BlackElo "2299"]
[TimeControl "120+0"]
[Result "0-1"]

1. e4 Nf6 2. Nc3 e6 3. e5 Nd5 4. Nf3 d6 5. Nxd5 exd5 6. d4 
Nc6 7. Bf4 Bd7 8. N@e3 Be6 9. exd6 cxd6 10. P@f5 N@e4 11. fxe6 fxe6 
12. c4 P@f7 13. cxd5 exd5 14. Nxd5 Qa5+ 15. Nc3 Nxc3 16. bxc3 Qxc3+ 17. B@d2 
N@c2+ 18. Qxc2 Qxc2 19. N@c7+ Kd7 20. Nxa8 P@b2 21. N@b6+ axb6 22. Nxb6+ Ke7 
23. Bxd6+ Kxd6 24. P@c5+ Ke6 25. Ng5+ Kf5 26. P@g4+ Kxg4 
{Gobi forfeits on time} 0-1